 Dungeon Crawl Stone Soup version 0.28-a0-895-g6e5f11bd55 (webtiles) character file.

Game seed: 14452003475359836271

342041 demibob the Pandemonic (level 21, -6/175 HPs)
             Began as a Demonspawn Fighter on Nov 23, 2021.
             Was a High Priest of Makhleb.
             Mangled by an ettin (11 damage)
             ... while paralysed by a vampire knight
             ... on level 1 of the Depths.
             The game lasted 01:56:33 (41827 turns).

demibob the Pandemonic (Demonspawn Fighter)        Turns: 41827, Time: 01:56:34

Health: -6/175     AC: 33    Str: 22    XL:     21   Next: 10%
Magic:  0/36       EV:  2    Int: 10    God:    Makhleb [*****.]
Gold:   1950       SH:  0    Dex: 19    Spells: 20/20 levels left

rFire   + + .      SeeInvis +   a - +8 broad axe "Thing" {spect, SInv}
rCold   . . .      Faith    .   J - +0 kite shield {reflect}
rNeg    + . .      Spirit   +   k - +8 fire dragon scales
rPois   +          Reflect  +   n - +1 helmet
rElec   +          Harm     .   G - +2 ratskin cloak {*Rats rPois rN+ Str-1 Int-1 Dex+1}
rCorr   .          Rampage  .   (gloves unavailable)
Will    +....                   i - +2 pair of boots
Stlth   ..........              j - amulet of Circularity {Reflect rElec Str+5 Slay+2 SH+5}
HPRegen 0.39/turn               Y - +4 ring of slaying
MPRegen 0.50/turn               c - ring of protection from cold

@: paralysed, studying Dodging
A: yellow scales 2, spiny 3, augmentation 1, magic shield, magic regeneration,
demonic touch 3, weak 1
}: 2/15 runes: serpentine, barnacled
a: Renounce Religion, Minor Destruction, Lesser Servant of Makhleb, Major
Destruction, Greater Servant of Makhleb


You were on level 1 of the Depths.
You worshipped Makhleb.
Makhleb was extremely pleased with you.
You visited 8 branches of the dungeon, and saw 37 of its levels.
You visited the Abyss 1 time.
You also visited: Gauntlet.

You collected 6144 gold pieces.
You spent 4194 gold pieces at shops.


Innate Abilities, Weirdness & Mutations

You are mostly covered in yellow scales. (AC +3)
You are completely covered in sharp spines.
Your magical and physical power is slightly enhanced at high health.
When hurt, damage is shared between your health and your magic reserves.
You regenerate magic rapidly.
Your touch may irresistibly damage your foes and sap their willpower.
You are weak. (Str -2)


   Skills:
 + Level 17.6 Fighting
 - Level 18.0 Axes
 - Level 12.0 Armour
 + Level 12.6 Dodging
 - Level 15.0 Shields
 + Level 23.2 Invocations


You had 20 spell levels left.
You didn't know any spells.
Your spell library contained the following spells:

 Spells                   Type           Power      Damage    Failure   Level
 Apportation              Tloc           0%         N/A       67%         1
 Beastly Appendage        Tmut           0%         N/A       67%         1
 Foxfire                  Conj/Fire      0%         2x1d4     67%         1
 Freeze                   Ice            0%         1d3       67%         1
 Magic Dart               Conj           0%         1d3       67%         1
 Pain                     Necr           0%         1d4       67%         1
 Sandblast                Erth           0%         2d4       67%         1
 Shock                    Conj/Air       0%         1d3       67%         1
 Call Imp                 Summ           0%         N/A       80%         2
 Corpse Rot               Necr/Air       0%         N/A       80%         2
 Ensorcelled Hibernation  Hex/Ice        0%         N/A       80%         2
 Passwall                 Tmut/Erth      0%         N/A       80%         2
 Searing Ray              Conj           0%         2d4       80%         2
 Static Discharge         Conj/Air       0%         N/A       80%         2
 Sublimation of Blood     Necr           0%         N/A       80%         2
 Wereblood                Tmut           0%         N/A       80%         2
 Conjure Flame            Conj/Fire      0%         6-21      95%         3
 Dazzling Flash           Conj/Hex       0%         N/A       95%         3
 Frozen Ramparts          Ice            0%         1d2       95%         3
 Gell's Gravitas          Tloc           0%         N/A       95%         3
 Ignite Poison            Fire/Tmut/Pois 0%         N/A       95%         3
 Inner Flame              Hex/Fire       0%         N/A       95%         3
 Lesser Beckoning         Tloc           0%         N/A       95%         3
 Ozocubu's Armour         Ice            0%         N/A       95%         3
 Spider Form              Tmut/Pois      0%         N/A       95%         3
 Stone Arrow              Conj/Erth      0%         3d7       95%         3
 Summon Guardian Golem    Hex/Summ       0%         N/A       95%         3
 Swiftness                Air            0%         N/A       95%         3
 Teleport Other           Tloc           0%         N/A       95%         3
 Tukima's Dance           Hex            0%         N/A       95%         3
 Airstrike                Air            0%         N/A       100%        4
 Animate Armour           Summ/Erth      0%         N/A       100%        4
 Animate Dead             Necr           0%         N/A       100%        4
 Dispel Undead            Necr           0%         3d6       100%        4
 Flame Wave               Conj/Fire      0%         3d3       100%        4
 Fulminant Prism          Conj/Hex       0%         3d6       100%        4
 Hailstorm                Conj/Ice       0%         3d3       100%        4
 Ice Form                 Ice/Tmut       0%         N/A       100%        4
 Iskenderun's Mystic Bla  Conj/Tloc      0%         2d3       100%        4
 Olgreb's Toxic Radiance  Pois           0%         N/A       100%        4
 Petrify                  Tmut/Erth      0%         N/A       100%        4
 Sticky Flame             Conj/Fire      0%         2d3       100%        4
 Summon Ice Beast         Ice/Summ       0%         N/A       100%        4
 Agony                    Necr           0%         N/A       100%        5
 Alistair's Intoxication  Tmut/Pois      0%         N/A       100%        5
 Blade Hands              Tmut           0%         N/A       100%        5
 Borgnjor's Vile Clutch   Necr/Erth      0%         N/A       100%        5
 Excruciating Wounds      Necr           0%         N/A       100%        5
 Irradiate                Conj/Tmut      0%         3d13      100%        5
 Lee's Rapid Deconstruct  Erth           0%         3d5*      100%        5
 Lightning Bolt           Conj/Air       0%         1d11      100%        5
 Metabolic Englaciation   Hex/Ice        0%         N/A       100%        5
 Summon Forest            Summ/Tloc      0%         N/A       100%        5
 Death Channel            Necr           0%         N/A       100%        6
 Dispersal                Tloc           0%         N/A       100%        6
 Eringya's Noxious Bog    Tmut/Pois      0%         N/A       100%        6
 Iron Shot                Conj/Erth      0%         9d1       100%        6
 Simulacrum               Ice/Necr       0%         N/A       100%        6
 Starburst                Conj/Fire      0%         6d3       100%        6
 Statue Form              Tmut/Erth      0%         N/A       100%        6
 Haunt                    Necr/Summ      0%         N/A       100%        7
 Malign Gateway           Summ/Tloc      0%         N/A       100%        7
 Ozocubu's Refrigeration  Ice            0%         4d5       100%        7
 Summon Hydra             Summ           0%         N/A       100%        7
 Ignition                 Fire           0%         3d3       100%        8
 Infestation              Necr           0%         N/A       100%        8
 Maxwell's Capacitive Co  Air            0%         ∞         100%        8
 Necromutation            Tmut/Necr      0%         N/A       100%        8

Inventory:

Hand Weapons
 a - the +8 broad axe "Thing" (weapon) {spect, SInv}
   (You acquired it on level 2 of the Dungeon)

   When its wielder attacks, the weapon's spirit leaps out and strikes again.
   The spirit shares a part of any damage it takes with its wielder.
   SInv:      It lets you see invisible.
Missiles
 R - a throwing net (quivered) {=f}
Armour
 i - a +2 pair of boots (worn)
 k - +8 fire dragon scales (worn)
 n - a +1 helmet (worn)
 G - the +2 ratskin cloak (worn) {*Rats rPois rN+ Str-1 Int-1 Dex+1}
   (You acquired it on level 10 of the Dungeon)

   When the wearer is hurt, rats may emerge from it to assist them.
   Str:       It affects your strength (-1).
   Int:       It affects your intelligence (-1).
   Dex:       It affects your dexterity (+1).
   rPois:     It protects you from poison.
   rN:        It protects you from negative energy.
 J - a +0 kite shield of reflection (worn)
 L - the +8 plate armour of Starshine {rElec Int+2}
   (You bought it in a shop on level 2 of the Dungeon)

   Int:       It affects your intelligence (+2).
   rElec:     It insulates you from electricity.
Jewellery
 c - a ring of protection from cold (right hand)
 d - an amulet of faith {!P}
 e - a +4 ring of evasion
 j - the amulet of Circularity (around neck) {Reflect rElec Str+5 Slay+2 SH+5}
   (You acquired it on level 4 of the Shoals)

   [amulet of reflection]

   It reflects blocked missile attacks.
   Str:       It affects your strength (+5).
   Slay:      It affects your accuracy & damage with ranged weapons and melee
   (+2).
   rElec:     It insulates you from electricity.
   SH:        It affects your SH (+5).
 u - an amulet of the acrobat
 w - a ring of willpower
 x - the ring of the Special Emperors {rPois rN+ MP+9 Str+7 Dex-5}
   (You found it in a Gauntlet)

   [ring of positive energy]

   Str:       It affects your strength (+7).
   Dex:       It affects your dexterity (-5).
   rPois:     It protects you from poison.
   rN:        It protects you from negative energy.
   MP:        It affects your magic capacity (+9).
 T - the ring "Gusirosa" {rElec rC- rN+ rCorr Dex+6}
   (You found it on level 1 of the Vaults)

   [ring of dexterity]

   Dex:       It affects your dexterity (+6).
   rC:        It makes you vulnerable to cold.
   rElec:     It insulates you from electricity.
   rN:        It protects you from negative energy.
   rCorr:     It protects you from acid and corrosion.
 W - a ring of willpower
 Y - a +4 ring of slaying (left hand)
Wands
 o - a wand of iceblast (50)
 p - a wand of polymorph (13)
 s - a wand of charming (52)
 t - a wand of digging (10)
 y - a wand of acid (19)
 A - a wand of flame (167)
 I - a wand of paralysis (8)
 S - a wand of mindburst (10)
Scrolls
 l - 5 scrolls of teleportation {@r2}
 q - 16 scrolls of identify {@r1}
 v - 4 scrolls of enchant weapon
 B - 2 scrolls of brand weapon
 F - 5 scrolls of fog
 M - a scroll of enchant armour
 N - 2 scrolls of vulnerability
 U - a scroll of summoning
 V - 3 scrolls of blinking
 X - 2 scrolls of torment
 Z - 3 scrolls of magic mapping
Potions
 f - 6 potions of resistance
 g - 4 potions of magic
 h - 9 potions of flight
 m - 2 potions of curing {@q1}
 r - 2 potions of mutation
 z - 8 potions of ambrosia
 D - a potion of berserk rage {!q}
 E - 2 potions of attraction
 H - 4 potions of brilliance
 O - a potion of invisibility
 P - 2 potions of haste {@q3}
Miscellaneous
 b - a lightning rod (4/4)
 C - a phial of floods
 K - a condenser vane
 Q - a phantom mirror

Dungeon Overview and Level Annotations

Branches:
Dungeon (15/15)            Temple (1/1) D:4            Lair (6/6) D:8
 Shoals (4/4) Lair:4        Snake (4/4) Lair:3        Slime (0/5) Lair:6
    Orc (2/2) D:11            Elf (0/3) Orc:2        Vaults (4/5) D:13
  Crypt (0/3) Vaults:2     Depths (1/4) D:15        Gauntlet (visited)

Altars:
Ashenzari
Cheibriados
Fedhas
Gozag
Hepliaklqana
Kikubaaqudgha
Makhleb
Nemelex Xobeh
Okawaru
Ru
Sif Muna
Uskayaw
Vehumet
Wu Jian
Xom
Yredelemnul
The Shining One
Beogh
Jiyva

Shops:
D:2 ((*=[   D:5 (   D:13 [*   Orc:2 **=(   Shoals:1 (   Shoals:2 :[
Shoals:3 *   Shoals:4 ?   Snake:1 ?[[   Snake:4 ((*   Vaults:1 (*

Annotations:
D:5 2 runed translucent doors, siradein's ghost, amateur DsGl
Lair:2 1 runed translucent door, dracfodder's ghost, journeyman GrBe
Lair:6 1 runed translucent door
Shoals:3 2 transporters, ragingrage's ghost, adept MfMo
Snake:4 3 runed translucent doors, ryw's ghost, adept GnFi

#..........#.#.#
#...............
#......)...#.#.#
.##########.......†.......
..................<[.#.#.#
..................))......
#..........#.............
######....####....)......
###@.# ###.........
#..CVW# ##........
........^# #.........
........## ##.........
........# ##...[......
.......## #...........
.....## #............
....# ##...........
#...........


You could see a vampire knight (fast), an ettin and a phantasmal warrior.


Message History

* * * LOW HITPOINT WARNING * * *
The vampire knight draws life force from you.
* * * LOW HITPOINT WARNING * * *
The vampire knight is healed by the life force!
The vampire knight hits you but does no damage.
The vampire knight bites you but does no damage.
The ettin hits you with a +0 dire flail of holy wrath!!
* * * LOW HITPOINT WARNING * * *
You convulse.
* * * LOW HITPOINT WARNING * * *
The ettin hits you but does no damage.
The vampire knight hits you with a +0 battleaxe.
* * * LOW HITPOINT WARNING * * *
The vampire knight bites you.
* * * LOW HITPOINT WARNING * * *
The vampire knight draws strength from your injuries!
The ettin hits you but does no damage.
The ettin hits you with a +0 dire flail.
* * * LOW HITPOINT WARNING * * *
The vampire knight is struck by your spines.
The vampire knight hits you but does no damage.
The vampire knight bites you.
* * * LOW HITPOINT WARNING * * *
The vampire knight hits you but does no damage.
The vampire knight hits your hell rat with a +0 battleaxe!!
Your hell rat dies!
The vampire knight bites you but does no damage.
The ettin is struck by your spines.
The ettin hits you with a +0 dire flail of holy wrath!
You die...

Skill      XL: |  1  2  3  4  5  6  7  8  9 10 11 12 13 14 15 16 17 18 19 20 |
---------------+-------------------------------------------------------------+-----
Axes           | 2 3 5 6 8 10 11 12 14 15 17 18 | 18.0
Shields        | 3 4 9 12 15 | 15.0
Invocations    | 3 6 8 10 12 14 16 17 19 21 23 | 23.2
Armour         | 3 5 6 8 9 10 12 | 12.0
Dodging        | 1 2 7 9 12 | 12.6
Fighting       | 7 10 12 14 15 17 | 17.6

Action                   |  1- 3 |  4- 6 |  7- 9 | 10-12 | 13-15 | 16-18 | 19-21 || total
-------------------------+-------+-------+-------+-------+-------+-------+-------++-------
Melee: War axe           |   120 |    72 |       |       |       |       |       ||   192
       Broad axe         |       |    42 |   109 |   344 |   681 |   823 |   859 ||  2858
       Unarmed           |       |       |       |       |       |     1 |       ||     1
Invok: Lesser Servant of |       |       |       |    10 |     5 |       |       ||    15
       Greater Servant o |       |       |       |       |     7 |    10 |    10 ||    27
Evoke: Wand              |       |     1 |     1 |     8 |    22 |     2 |       ||    34
       Condenser vane    |       |       |       |       |     2 |     3 |     2 ||     7
       Lightning rod     |       |       |       |       |     4 |     4 |       ||     8
       Phial of floods   |       |       |       |       |       |     2 |       ||     2
       Phantom mirror    |       |       |       |       |       |     1 |       ||     1
  Use: Scroll            |     7 |     1 |     8 |    11 |     9 |     8 |    11 ||    55
       Potion            |       |     1 |       |     3 |     6 |    11 |     6 ||    27
 Stab: Distracted        |       |       |       |     2 |    17 |    26 |    24 ||    69
       Paralysed         |       |       |       |       |     2 |       |       ||     2
       Invisible         |       |       |       |       |     4 |       |       ||     4
       Confused          |       |       |       |       |       |     1 |     4 ||     5
Armor: Scale mail        |    66 |    40 |    38 |    91 |       |       |       ||   235
       Plate armour      |       |       |       |     7 |   408 |   331 |   322 ||  1068
       Fire dragon scale |       |       |       |       |       |       |    23 ||    23
Dodge: Dodged            |    68 |    56 |    50 |   169 |   218 |   199 |   277 ||  1037
Block: Buckler           |    34 |    26 |    23 |    57 |   105 |       |       ||   245
       Kite shield       |       |       |       |       |    63 |   373 |   460 ||   896
       Reflection        |       |       |       |       |       |     6 |    48 ||    54

Levels and vault maps discovered:
D:1:      nzn_arrival_water_spiral, layout_rooms,
          dreamdust_ecumenical_altar_angels_and_demons, minmay_statues_item,
          minmay_misc_feat_rugged, minmay_pentomino_o4
D:2:      layout_basic, serial_shops, shop, shop, shop_statue,
          nicolae_diamond_shop, nicolae_lakefront_shop, serial_bayou_ford_a,
          uniq_natasha, uniq_robin
D:3:      layout_loops_corners, okawaru_gym_becter, minmay_misc_feat_five,
          hangedman_glass_teeth, kennysheep_nondescript, uniq_grinder
D:4:      layout_rooms, temple_fountains, serial_co_window_serial,
          co_window_of_opportunity_a, co_window_paths_a, co_window_corner_a,
          co_window_corner_a, co_window_paths_a, co_window_paths_a,
          co_window_corner_b, co_window_unsneaky_path_e, co_window_cross_4,
          co_window_2corner, co_window_paths_c, co_window_paths_d,
          glass_columns_c, glass_columns_a, minmay_lizard_king, uniq_ijyb,
          uniq_blork_the_orc, uniq_pikel
D:5:      layout_loops_corners, mainiacjoe_overflow_big_doors,
          mainiacjoe_overflow_catwalk, ebering_ghost_disaster_area,
          serial_shops, nicolae_lakefront_shop
D:6:      layout_loops_ring, mainiacjoe_overflow_boulevard,
          mainiacjoe_overflow_24_doors, kennysheep_pointless_box
D:7:      kennysheep_housing_project, layout_basic, lightli_corner_chamber
D:8:      layout_loops_cross, david_lair_generic, grunt_decor_mini_mirrors
D:9:      layout_small_grid, vehumet_altar_wand_db, uniq_gastronok
D:10:     layout_basic, mainiacjoe_overflow_chevrons
D:11:     gammafunk_indiana_jones, layout_basic, orc_0_dummy,
          lemuel_old_faithful
D:12:     layout_rooms, minivault_12
D:13:     layout_basic, lightli_vaults_fourway_checkpoint, serial_shops,
          nicolae_shop_waterfront, nicolae_blasting_shop
D:14:     layout_gridville, gammafunk_ghost_crypt, serial_park_square3
          [serial_park_minivault_5x5_7], roderic_serpentine_path,
          cheibrodos_worm_habitat, uniq_louise, uniq_nessos
D:15:     grunt_enter_depths_hoard, layout_rooms, minmay_splitting_lines,
          nzn_wu_jian_council_hall
Temple:   zaba_magenta_temple
Lair:1:   layout_chaotic_city, gauntlet_entry_generic, columned_hall_lemuel
Lair:2:   lemuel_ratsnest, layout_cave_shapes, ebering_ghost_reflecting_pool
Lair:3:   layout_chaotic_city, minmay_snake_entry_guardpost_small,
          lemuel_fruit_fields
Lair:4:   layout_cave_pods, shoals_dummy_entry, minivault_23, st_stairs_12,
          uniq_nergalle
Lair:5:   layout_cave_pods, portal_ice_cave_entry_animals_and_master,
          roderic_batcave, cheibrodos_lair_reptile_den
Lair:6:   hangedman_lair_tendril_chambers, layout_gridlike, slime_altar_2,
          chequers_serial_rivers_micro_d, infiniplex_staircase_pool
Shoals:1: layout_shoals, serial_shops, nicolae_shop_trees
Shoals:2: layout_shoals, serial_shops, nicolae_diamond_shop,
          nicolae_shop_statue_plus, uniq_mlioglotl
Shoals:3: layout_shoals, serial_shops, nicolae_shop_crystal,
          gammafunk_ghost_arena, nicolae_shoals_pincushion_passage
Shoals:4: shoals_end_simple, layout_shoals, shoals_ilsuiw_ice, serial_shops,
          shop
Snake:1:  layout_basic, serial_shops, nicolae_shop_hallway_plus,
          nicolae_shop_hallway_plus, shop, uniq_kirke
Snake:2:  layout_grid_shapes, statue_in_the_mist_lemuel,
          nrook_guardian_serpent_double
Snake:3:  nicolae_snake_nest, layout_concentric_octagons
Snake:4:  snake_pit, layout_onion, gammafunk_ghost_necromancy, serial_shops,
          shop, shop, shop, nicolae_snake_slithery_corners
Orc:1:    layout_caves, mines1_david
Orc:2:    grunt_orc_tribal_feast, layout_caves, uniq_saint_roka
Vaults:1: v_misc_27, nicolae_vaults_yaktaur_gun_rack,
          nicolae_vaults_inception_statues, st_octagons_1,
          dpeg_vaults_monster_box, vaults_room_ringed_pool, v_rooms_5,
          hangedman_vaults_cutoff, ontoclasm_vaults_claustrophobia, v_misc_3,
          vaults_dpeg_cross, vaults_room_pool, nicolae_vaults_shelves_hall,
          layout_vaults_omnibox, serial_shops, shop, uniq_donald
Vaults:2: vaults_dpeg_hooks, ontoclasm_vaults_ligature,
          minmay_crypt_entry_simple_walls, serial_ice_h,
          hangedman_vaults_cutoff, nicolae_vaults_diagonal_hallway_6,
          layout_vaults_omnigrid
Vaults:3: vaults_room_door_hall, serial_ice_g, v_alt_pattern_6, v_alt_pattern_4,
          nicolae_vaults_little_squares_4, nicolae_vaults_puzzle_piece,
          nicolae_vaults_angled_halls, st_more_cells, v_misc_23,
          vaults_room_grid, ontoclasm_vaults_decontamination,
          grunt_vaults_swirl, layout_vaults_maze_snakey
Vaults:4: nicolae_vaults_network_barrier, nicolae_vaults_little_squares_4,
          vaults_mumra_hexcomb, hangedman_vaults_locks,
          nicolae_vaults_little_squares_2, st_cells, hangedman_vaults_pinch,
          hangedman_vaults_nodes, v_misc_32, layout_vaults_omnicross
Depths:1: layout_cave_shapes, ebering_ghost_reflecting_pool, lightli_too_deep,
          rand_demon_pan_entry_9, serial_glass, glass_columns_a,
          glass_columns_c, glass_columns_c, glass_columns_b, glass_columns_c,
          glass_columns_b, unseen_surprise_small, item_on_display_b,
          kennysheep_vampire_church

Notes
Turn   | Place    | Note
-------+----------+-------------------------------------------
     0 | D:1      | demibob the Demonspawn Fighter began the quest for the Orb.
     0 | D:1      | Reached XP level 1. HP: 18/18 MP: 1/1
    47 | D:1      | Reached skill level 2 in Axes
   209 | D:1      | Reached skill level 3 in Shields
   209 | D:1      | Gained mutation: Your touch may inflict minor irresistible
                  | damage on your foes. [demonic ancestry]
   209 | D:1      | Reached XP level 2. HP: 21/24 MP: 2/2
   696 | D:1      | Reached XP level 3. HP: 26/29 MP: 3/3
   698 | D:1      | Found a faded altar of an unknown god.
  1045 | D:2      | Found Huicimyo's Jewellery Boutique.
  1050 | D:2      | Found Alixt's Weapon Shoppe.
  1197 | D:2      | Found Huekuep's Assorted Antiques.
  1353 | D:2      | Found Orphosur's Armour Shoppe.
  1503 | D:2      | Reached skill level 3 in Axes
  1508 | D:2      | Reached XP level 4. HP: 22/35 MP: 4/4
  1643 | D:2      | Found Xeecal's Weapon Boutique.
  1947 | D:2      | Noticed Robin
  1955 | D:2      | Killed Robin
  2076 | D:2      | You fall into a shaft and drop 2 floors!
  2125 | D:3      | Reached skill level 4 in Shields
  2125 | D:3      | Gained mutation: Your touch may inflict irresistible damage
                  | on your foes. [demonic ancestry]
  2125 | D:3      | Reached XP level 5. HP: 22/41 MP: 5/5
  2357 | D:2      | Noticed Natasha
  2362 | D:2      | Killed Natasha
  2363 | D:2      | Reached skill level 4 in Axes
  2635 | D:2      | Noticed Natasha
  2637 | D:2      | Killed Natasha
  2869 | D:2      | Identified a scroll of acquirement
  2869 | D:2      | Acquired the +8 broad axe "Thing" {spect, SInv}
  3024 | D:3      | Noticed Grinder
  3039 | D:3      | Killed Grinder
  3040 | D:3      | Reached skill level 5 in Axes
  3040 | D:3      | Gained mutation: Your touch may irresistibly damage your
                  | foes and sap their willpower. [demonic ancestry]
  3040 | D:3      | Reached XP level 6. HP: 33/47 MP: 6/6
  3710 | D:3      | Found an iron altar of Okawaru.
  3725 | D:3      | Reached skill level 6 in Axes
  3838 | D:4      | Noticed Ijyb
  3840 | D:4      | Killed Ijyb
  3947 | D:4      | Reached XP level 7. HP: 52/52 MP: 7/7
  4146 | D:4      | Noticed Blork the orc
  4156 | D:4      | Killed Blork the orc
  4157 | D:4      | Reached skill level 7 in Axes
  4459 | D:4      | Found a staircase to the Ecumenical Temple.
  4480 | Temple   | Entered the Ecumenical Temple
  4493 | Temple   | Became a worshipper of Makhleb the Destroyer
  4526 | D:4      | Noticed Pikel
  4533 | D:4      | Killed Pikel
  4534 | D:4      | Reached skill level 8 in Axes
  4534 | D:4      | Gained mutation: You are partially covered in yellow
                  | scales. (AC +2) [demonic ancestry]
  4534 | D:4      | Reached XP level 8. HP: 57/58 MP: 8/8
  4771 | D:5      | Entered Level 5 of the Dungeon
  4774 | D:5      | Reached skill level 9 in Axes
  4850 | D:5      | Reached skill level 1 in Invocations
  4895 | D:5      | Found a snail-covered altar of Cheibriados.
  4900 | D:5      | Reached skill level 3 in Armour
  5012 | D:5      | Found a large runed translucent door.
  5012 | D:5      | Found a large runed translucent door.
  5016 | D:5      | Noticed siradein's ghost (amateur DsGl)
  5115 | D:5      | Reached skill level 2 in Invocations
  5499 | D:5      | Found Vimoiddi's Weapon Shop.
  5815 | D:5      | Found a shimmering altar of Xom.
  5823 | D:5      | Found an ornate altar of the Wu Jian Council.
  5931 | D:6      | Reached skill level 3 in Invocations
  6039 | D:6      | Reached skill level 10 in Axes
  6039 | D:6      | Reached XP level 9. HP: 63/63 MP: 11/11
  6088 | D:6      | Noticed a cyclops
  6101 | D:6      | Reached skill level 4 in Armour
  6101 | D:6      | Reached skill level 4 in Invocations
  6108 | D:6      | Killed a cyclops
  6169 | D:6      | Found a sacrificial altar of Ru.
  6316 | D:6      | Reached skill level 5 in Invocations
  6323 | D:6      | Reached * piety under Makhleb
  6501 | D:6      | Found a basalt altar of Yredelemnul.
  6887 | D:7      | Reached skill level 11 in Axes
  6892 | D:7      | Reached skill level 5 in Armour
  6892 | D:7      | Reached skill level 6 in Invocations
  7031 | D:7      | Reached XP level 10. HP: 47/70 MP: 14/14
  7298 | D:7      | Reached ** piety under Makhleb
  7484 | D:7      | Noticed a manticore
  7759 | D:7      | Killed a manticore
  7760 | D:7      | Reached skill level 7 in Invocations
  8010 | D:8      | Reached skill level 6 in Armour
  8076 | D:8      | Noticed an elephant
  8078 | D:8      | Found a staircase to the Lair.
  8086 | D:8      | Reached skill level 12 in Axes
  8092 | D:8      | Killed an elephant
  8281 | D:8      | Reached skill level 8 in Invocations
  8302 | D:8      | Noticed a two-headed ogre
  8309 | D:8      | Killed a two-headed ogre
  8903 | D:9      | Noticed Gastronok
  8915 | D:9      | Killed Gastronok
  8916 | D:9      | Gained mutation: You are partially covered in sharp spines.
                  | [demonic ancestry]
  8916 | D:9      | Reached XP level 11. HP: 75/75 MP: 17/17
  8997 | D:9      | Found a radiant altar of Vehumet.
  9126 | D:9      | Reached *** piety under Makhleb
  9127 | D:9      | Reached skill level 9 in Invocations
  9281 | D:9      | Reached skill level 7 in Armour
  9370 | D:9      | Reached skill level 13 in Axes
  9585 | D:10     | Entered Level 10 of the Dungeon
  9730 | D:10     | Noticed a purple ugly thing
  9738 | D:10     | Killed a purple ugly thing
 10104 | D:10     | Found a hazy altar of Hepliaklqana.
 10120 | D:10     | Acquired the +2 ratskin cloak {*Rats rPois rN+ Str-1 Int-1
                  | Dex+1}
 10120 | D:10     | Found the +2 ratskin cloak {*Rats rPois rN+ Str-1 Int-1
                  | Dex+1}
 10161 | D:10     | Reached skill level 10 in Invocations
 10177 | D:10     | Got the Collected Works on Ignition
 10508 | D:11     | Found a staircase to the Orcish Mines.
 10631 | D:11     | Noticed a two-headed ogre
 10637 | D:11     | Killed a two-headed ogre
 10638 | D:11     | Reached skill level 8 in Armour
 10886 | D:11     | Reached skill level 14 in Axes
 10993 | D:11     | Reached XP level 12. HP: 80/81 MP: 20/20
 11212 | D:12     | Reached **** piety under Makhleb
 11213 | D:12     | Reached skill level 11 in Invocations
 11218 | D:12     | Noticed a four-headed hydra
 11230 | D:12     | Killed a 13-headed hydra
 11478 | D:12     | Noticed a two-headed ogre
 11485 | D:12     | Killed a two-headed ogre
 11525 | D:12     | Noticed a tengu warrior
 11525 | D:12     | Noticed a five-headed hydra
 11526 | D:12     | Noticed a tengu warrior
 11526 | D:12     | Noticed a tengu warrior
 11526 | D:12     | Noticed a boulder beetle
 11548 | D:12     | Noticed a boulder beetle
 11646 | D:12     | Identified 2 potions of resistance
 11679 | D:13     | Noticed a tengu warrior
 12044 | Lair:1   | Entered Level 1 of the Lair of Beasts
 12056 | Lair:1   | Reached skill level 9 in Armour
 12142 | Lair:1   | Reached skill level 12 in Invocations
 12237 | Lair:1   | Reached skill level 15 in Axes
 12259 | Lair:1   | Noticed an eight-headed hydra
 12273 | Lair:1   | Killed an eight-headed hydra
 12284 | Lair:1   | Found a gate leading to a gauntlet.
 12292 | Gauntlet | Entered a Gauntlet
 12292 | Gauntlet | Found a transporter.
 12295 | Gauntlet | Found a transporter.
 12299 | Gauntlet | Noticed a quicksilver ooze
 12302 | Gauntlet | Found a transporter.
 12303 | Gauntlet | Found a transporter.
 12305 | Gauntlet | Found a transporter.
 12307 | Gauntlet | Noticed a balrug
 12311 | Gauntlet | Found a transporter.
 12312 | Gauntlet | Found a transporter.
 12314 | Gauntlet | Noticed a blizzard demon
 12332 | Gauntlet | Found a transporter.
 12350 | Gauntlet | Found a transporter.
 12354 | Gauntlet | Found a transporter.
 12357 | Gauntlet | Noticed a death yak
 12358 | Gauntlet | Found a runed translucent door.
 12358 | Gauntlet | Found a runed translucent door.
 12359 | Gauntlet | Noticed a death yak
 12360 | Gauntlet | Noticed a death yak
 12362 | Gauntlet | Found a transporter.
 12362 | Gauntlet | Noticed a death yak
 12367 | Gauntlet | Noticed a death yak
 12368 | Gauntlet | Noticed a death yak
 12424 | Gauntlet | Found a transporter.
 12529 | Gauntlet | Killed a death yak
 12536 | Gauntlet | Gained mutation: You are weak. (Str -2) [a neqoxec]
 12554 | Gauntlet | Identified the ring of the Special Emperors {rPois rN+ MP+9
                  | Str+7 Dex-5}
 12578 | Gauntlet | Noticed a minotaur
 12595 | Gauntlet | Killed a minotaur
 12604 | Gauntlet | Identified the +1 chain mail of Grot {Stlth+}
 13009 | D:2      | Bought the +8 plate armour of Starshine {rElec Int+2} for
                  | 893 gold pieces
 13764 | Lair:2   | Reached XP level 13. HP: 75/86 MP: 22/22
 14014 | Lair:2   | Reached skill level 13 in Invocations
 14394 | Lair:2   | Reached ***** piety under Makhleb
 14733 | Lair:2   | Found a runed translucent door.
 14745 | Lair:2   | Noticed dracfodder's ghost (journeyman GrBe)
 14904 | Lair:3   | Reached skill level 16 in Axes
 14904 | Lair:3   | Reached skill level 10 in Armour
 14931 | Lair:3   | Found a staircase to the Snake Pit.
 15369 | Lair:3   | Identified the +0 chain mail "Hila" {rN+ Str+4 Int-4 Dex+3}
 15773 | Lair:4   | Noticed Nergalle
 15780 | Lair:4   | Killed Nergalle
 15843 | Lair:4   | Reached skill level 14 in Invocations
 16035 | Lair:4   | Found a staircase to the Shoals.
 16957 | Lair:5   | Reached ****** piety under Makhleb
 16976 | Lair:5   | Reached skill level 17 in Axes
 16976 | Lair:5   | Gained mutation: You are mostly covered in sharp spines.
                  | [demonic ancestry]
 16976 | Lair:5   | Reached XP level 14. HP: 63/93 MP: 24/24
 17168 | Lair:5   | Reached skill level 11 in Armour
 17511 | Lair:5   | Found a frozen archway.
 18003 | Lair:5   | Reached skill level 15 in Invocations
 18174 | Lair:6   | Entered Level 6 of the Lair of Beasts
 18512 | Lair:6   | Reached skill level 18 in Axes
 18943 | Lair:6   | Found a runed translucent door.
 18943 | Lair:6   | Found a viscous altar of Jiyva.
 18944 | Lair:6   | Found a staircase to the Slime Pits.
 18944 | Lair:6   | Noticed an azure jelly
 18947 | Lair:6   | Noticed an azure jelly
 18947 | Lair:6   | Noticed an azure jelly
 19019 | Lair:6   | Reached skill level 16 in Invocations
 19026 | Lair:6   | Reached skill level 12 in Armour
 19507 | Orc:1    | Entered Level 1 of the Orcish Mines
 19669 | Orc:2    | Entered Level 2 of the Orcish Mines
 20028 | Orc:2    | Noticed an orc warlord
 20033 | Orc:1    | Reached skill level 1 in Dodging
 20063 | Orc:2    | Noticed Saint Roka
 20065 | Orc:2    | Killed an orc warlord
 20066 | Orc:2    | Gained mutation: You regenerate magic rapidly. [demonic
                  | ancestry]
 20066 | Orc:2    | Reached XP level 15. HP: 76/100 MP: 27/27
 20072 | Orc:2    | Reached skill level 4 in Fighting
 20112 | Orc:2    | Found a staircase to the Elven Halls.
 20373 | Orc:2    | Found Xienyem's General Store.
 20373 | Orc:2    | Found Yqosu's Antique Weapon Boutique.
 20375 | Orc:2    | Found Jauwifut's Assorted Antiques.
 20375 | Orc:2    | Found Osiner's Jewellery Boutique.
 20412 | Orc:2    | Killed Saint Roka
 20413 | Orc:2    | Reached skill level 5 in Shields
 20963 | Orc:1    | Reached skill level 5 in Fighting
 21232 | D:13     | Found a gate to the Vaults.
 21246 | D:13     | Reached skill level 17 in Invocations
 21268 | D:13     | Reached skill level 6 in Shields
 21279 | D:13     | Found Nucief's Demolitions Depot.
 21301 | D:13     | Reached skill level 6 in Fighting
 21456 | D:13     | Found Hehap's Antique Armour Boutique.
 21464 | D:13     | Bought a glowing helmet for 210 gold pieces
 21548 | D:13     | Reached skill level 7 in Shields
 22472 | D:14     | Noticed Louise
 22483 | D:14     | Reached skill level 7 in Fighting
 22486 | D:14     | Killed Louise
 22616 | D:14     | Found a snail-covered altar of Cheibriados.
 22659 | D:14     | Reached skill level 8 in Shields
 23336 | D:14     | Found a runed translucent gate.
 23337 | D:14     | Found a runed translucent gate.
 23337 | D:14     | Found an ancient bone altar of Kikubaaqudgha.
 23338 | D:14     | Found a runed translucent gate.
 23401 | D:14     | Noticed a lich
 23401 | D:14     | Noticed a lich
 23401 | D:14     | Noticed TheGamechu's ghost (journeyman MfGl)
 23401 | D:14     | Noticed a lich
 23402 | D:14     | Noticed Mostra's ghost (journeyman DjFE)
 23420 | D:14     | Killed TheGamechu's ghost
 23425 | D:14     | Killed Mostra's ghost
 23428 | D:14     | Killed a lich
 23429 | D:14     | Reached skill level 9 in Shields
 23429 | D:14     | Gained mutation: When hurt, damage is shared between your
                  | health and your magic reserves. [demonic ancestry]
 23429 | D:14     | Reached XP level 16. HP: 64/116 MP: 28/28
 23429 | D:14     | Killed a lich
 23430 | D:14     | Reached skill level 8 in Fighting
 23435 | D:14     | Killed a lich
 23438 | D:14     | Identified the ring "Assoes" {+Blink rElec rN++ Will-
                  | Dex+6}
 23521 | D:14     | Got Kikubaaqudgha's Guide on Sinister Rites
 23524 | D:14     | Identified the +0 pair of gloves of Loalitza {Regen+ Str+3}
 23568 | D:14     | Noticed Nessos
 23576 | D:14     | Killed Nessos
 23867 | D:15     | Entered Level 15 of the Dungeon
 24012 | D:15     | Found an ornate altar of the Wu Jian Council.
 24149 | D:15     | Found a staircase to the Depths.
 24242 | D:15     | Reached skill level 10 in Shields
 24728 | Snake:1  | Entered Level 1 of the Snake Pit
 24735 | Snake:1  | Noticed Kirke
 24739 | Snake:1  | Reached skill level 9 in Fighting
 25183 | Snake:1  | Found Qin Litz's Magic Scroll Boutique.
 25188 | Snake:1  | Bought a scroll of acquirement for 728 gold pieces
 25188 | Snake:1  | Acquired 1099 gold pieces
 25190 | Snake:1  | Bought a scroll of enchant armour for 105 gold pieces
 25190 | Snake:1  | Bought a scroll of enchant armour for 105 gold pieces
 25213 | Snake:1  | Found Panemaran's Antique Armour Emporium.
 25363 | Snake:1  | Killed Kirke
 25386 | Snake:1  | Reached skill level 11 in Shields
 25539 | Snake:1  | Found Dynadeim's Antique Armour Shoppe.
 25685 | Snake:1  | You fall into a shaft and drop 1 floor!
 25853 | Snake:2  | Reached skill level 10 in Fighting
 26179 | Snake:2  | Reached skill level 12 in Shields
 27068 | Orc:2    | Bought a potion of heal wounds for 145 gold pieces
 27068 | Orc:2    | Bought a scroll of acquirement for 1508 gold pieces
 27068 | Orc:2    | Acquired 869 gold pieces
 27339 | Snake:3  | Reached XP level 17. HP: 129/129 MP: 29/29
 27527 | Snake:3  | Reached skill level 13 in Shields
 27556 | Snake:3  | Reached skill level 11 in Fighting
 28075 | Snake:4  | Entered Level 4 of the Snake Pit
 28255 | Snake:4  | Found Vocs's Antique Weapon Shoppe.
 28295 | Snake:4  | Found Orgha's Antique Weapon Boutique.
 28492 | Snake:4  | Reached skill level 14 in Shields
 28501 | Snake:4  | Found Virr's General Store.
 28509 | Snake:4  | Bought a scroll of blinking for 97 gold pieces
 28564 | Snake:4  | Found a runed translucent gate.
 28564 | Snake:4  | Found a runed translucent gate.
 28564 | Snake:4  | Found a runed translucent gate.
 28569 | Snake:4  | Noticed ryw's ghost (adept GnFi)
 29132 | Snake:4  | Reached skill level 12 in Fighting
 29540 | Snake:4  | >>oh
 29545 | Snake:4  | Reached skill level 15 in Shields
 30078 | Snake:4  | Got a serpentine rune of Zot
 30195 | Snake:4  | Reached skill level 2 in Dodging
 30651 | Vaults:1 | Entered Level 1 of the Vaults
 30788 | Vaults:1 | Found Qinicy's Weapon Shop.
 30794 | Vaults:1 | Gained mutation: Your magical and physical power is
                  | slightly enhanced at high health. [demonic ancestry]
 30794 | Vaults:1 | Reached XP level 18. HP: 128/142 MP: 27/30
 30809 | Vaults:1 | Reached skill level 3 in Dodging
 30810 | Vaults:1 | >>hm
 31195 | Vaults:1 | Reached skill level 18 in Invocations
 31400 | Vaults:1 | Noticed Donald
 31401 | Vaults:1 | >>hi i want your shield
 31409 | Vaults:1 | Killed Donald
 31410 | Vaults:1 | Reached skill level 13 in Fighting
 31480 | Vaults:1 | Reached skill level 4 in Dodging
 31714 | Vaults:1 | Found Nuig Can's General Store.
 31723 | Vaults:1 | Bought a scroll of enchant armour for 112 gold pieces
 31723 | Vaults:1 | Bought a scroll of fear for 52 gold pieces
 31852 | Vaults:1 | Reached skill level 5 in Dodging
 32215 | Vaults:1 | Identified the ring "Gusirosa" {rElec rC- rN+ rCorr Dex+6}
 32217 | Vaults:1 | >>:<>
                  | ERROR: string above had unterminated tag
 32586 | Vaults:2 | Reached skill level 6 in Dodging
 32586 | Vaults:2 | Reached skill level 19 in Invocations
 32898 | Vaults:2 | Reached skill level 14 in Fighting
 32965 | Vaults:2 | >>mm
 32993 | Vaults:2 | Reached skill level 7 in Dodging
 33206 | Vaults:2 | You are cast into the Abyss!
 33206 | Vaults:2 | Cast into level 2 of the Abyss (a wizard)
 33262 | Abyss:2  | Reached XP level 19. HP: 153/153 MP: 32/32
 33280 | Abyss:2  | Found a large runed translucent door.
 33280 | Abyss:2  | Found a large runed translucent door.
 33398 | Abyss:2  | Found a transporter.
 33405 | Abyss:2  | Found a corrupted altar of Lugonu.
 33491 | Vaults:2 | You pass through the gate.
 33491 | Vaults:2 | Escaped the Abyss
 33861 | Vaults:2 | Reached skill level 20 in Invocations
 34317 | Vaults:2 | Reached skill level 8 in Dodging
 34915 | Vaults:2 | Found a staircase to the Crypt.
 35046 | Vaults:3 | Reached skill level 15 in Fighting
 35811 | Vaults:3 | Reached skill level 9 in Dodging
 36305 | Vaults:4 | Reached skill level 21 in Invocations
 36924 | Vaults:4 | Gained mutation: You are mostly covered in yellow scales.
                  | (AC +3) [demonic ancestry]
 36924 | Vaults:4 | Reached XP level 20. HP: 153/164 MP: 30/34
 37039 | Vaults:4 | Reached skill level 16 in Fighting
 37051 | Vaults:4 | Reached skill level 10 in Dodging
 38035 | D:15     | >>almost 20
 38254 | Shoals:1 | Entered Level 1 of the Shoals
 38254 | Shoals:1 | Found Loreul's Weapon Boutique.
 38365 | Shoals:1 | Identified the +2 leather armour of Time Monsters {rC-
                  | Str+2 SInv}
 38797 | Shoals:1 | Reached skill level 22 in Invocations
 38942 | Shoals:2 | Found Emoufyun's Armour Shop.
 39052 | Shoals:2 | Found Vaizeul's Book Shoppe.
 39076 | Shoals:2 | Reached skill level 11 in Dodging
 39143 | Shoals:2 | Noticed Mlioglotl
 39152 | Shoals:2 | Killed Mlioglotl
 39710 | Shoals:3 | Found Jokeom's General Store.
 39981 | Shoals:3 | Noticed ragingrage's ghost (adept MfMo)
 40113 | Shoals:3 | Reached skill level 17 in Fighting
 40194 | Shoals:3 | Found a transporter.
 40214 | Shoals:3 | Found a transporter.
 40417 | Shoals:4 | Entered Level 4 of the Shoals
 40417 | Shoals:4 | Found Jeb Kyan's Magic Scroll Emporium.
 40550 | Shoals:4 | Bought a scroll of enchant armour for 97 gold pieces
 40550 | Shoals:4 | Bought a scroll of magic mapping for 45 gold pieces
 40550 | Shoals:4 | Bought a scroll of blinking for 97 gold pieces
 40742 | Shoals:4 | Noticed Ilsuiw
 40752 | Shoals:4 | Killed Ilsuiw
 40882 | Shoals:4 | Got Guagirr's Incunabulum of Creative Beguiling
 40929 | Shoals:4 | Reached skill level 12 in Dodging
 40935 | Shoals:4 | Reached skill level 23 in Invocations
 40986 | Shoals:4 | Got a barnacled rune of Zot
 41145 | Shoals:4 | Acquired the amulet of Circularity {Reflect rElec Str+5
                  | Slay+2 SH+5}
 41312 | Shoals:4 | Gained mutation: You are completely covered in sharp
                  | spines. [demonic ancestry]
 41312 | Shoals:4 | Reached XP level 21. HP: 168/175 MP: 34/36
 41713 | Depths:1 | Entered Level 1 of the Depths
 41823 | Depths:1 | Paralysed by a vampire knight for 5 turns
 41825 | Depths:1 | HP: 15/175 [vampire knight (5)]
 41826 | Depths:1 | HP: 4/175 [vampire knight (4)]
 41827 | Depths:1 | Mangled by an ettin

Vanquished Creatures
  Saint Roka (Orc:2)
  2 liches (D:14)
  A kraken (Shoals:1)
  Gastronok (D:9)
  An Executioner (Abyss:2)
  An ancient champion (Vaults:2)
  A tentacled starspawn (Abyss:2)
  Donald (Vaults:1)
  A tengu reaver (Vaults:4)
  Kirke (Snake:1)
  2 frost giants (Vaults:1)
  3 nagarajas (Snake:4)
  A fire giant (Vaults:1)
  8 vault wardens
  An orc warlord (Orc:2)
  3 very ugly things
  17 ironbound preservers
  3 stone giants
  Nessos (D:14)
  A vampire knight (Vaults:2)
  An entropy weaver (Vaults:2)
  A minotaur (Gauntlet)
  3 dire elephants (Vaults:4)
  An ettin (Vaults:1)
  The ghost of TheGamechu the Impaler, a journeyman MfGl of Gozag (D:14)
  5 crystal guardians
  9 merfolk javelineers
  7 merfolk impalers
  3 fire dragons
  A deep elf high priest (Vaults:1)
  2 salamander tyrants (Snake:4)
  3 ice dragons
  11 yaktaur captains
  3 great orbs of eyes
  An ogre mage (D:15)
  5 boulder beetles
  11 hydras
  2 rakshasas
  3 ironbound thunderhulks
  A spriggan air mage (Depths:1)
  6 vault guards
  5 centaur warriors
  10 ironbound frosthearts
  11 anacondas
  A merfolk avatar (Shoals:4)
  3 peacekeepers
  An alligator snapping turtle (Shoals:4)
  3 merfolk aquamancers (Shoals:4)
  2 death knights
  7 two-headed ogres
  12 naga warriors
  A satyr (Shoals:3)
  3 deep troll earth magi
  A deep troll shaman (Depths:1)
  3 hell hogs (Abyss:2)
  A tengu warrior (D:13)
  3 orc high priests (Orc:2)
  A thrashing horror (Abyss:2)
  5 death yaks
  2 spriggan berserkers (Depths:1)
  2 sun demons (Abyss:2)
  Nergalle (Lair:4)
  9 naga sharpshooters
  4 shock serpents
  2 wretched stars
  A fire crab (Lair:4)
  8 skeletal warriors (D:13)
  47 deep trolls
  13 sea snakes
  8 salamander mystics
  2 glowing orange brains
  10 naga ritualists
  17 lindwurms
  26 harpies
  9 wizards
  Pikel (D:4)
  A necromancer (Gauntlet)
  10 ironbound convokers
  7 orc knights
  3 phantasmal warriors
  A deep elf pyromancer (D:14)
  An orb spider (shapeshifter) (D:15)
  32 ugly things
  2 wolf spiders (Lair:6)
  An orc sorcerer (Orc:2)
  A faun (Shoals:1)
  12 mana vipers
  7 cyclopes
  16 salamanders
  6 guardian serpents
  19 manticores
  4 centaur zombies
  9 elephants
  40 black mambas
  13 vault sentinels
  7 merfolk sirens
  2 gargoyles (D:11)
  14 cane toads
  27 naga magi
  2 smoke demons (Abyss:2)
  4 water nymphs
  4 freezing wraiths
  4 rime drakes
  2 efreet
  A torpor snail (Lair:6)
  31 yaktaurs
  2 kobold demonologists (D:12)
  6 komodo dragons
  7 trolls
  5 polar bears
  2 ancient zymes (Abyss:2)
  20 merfolk
  A polar bear (shapeshifter) (D:13)
  Grinder (D:3)
  4 wind drakes
  31 slime creatures
  3 large abominations (Abyss:2)
  25 blink frogs
  4 hornets
  6 snapping turtles
  10 dream sheep
  A human simulacrum (Vaults:2)
  2 redbacks (Vaults:2)
  4 wraiths
  A spriggan (Depths:1)
  2 ynoxinuls (Abyss:2)
  A spriggan (shapeshifter) (D:15)
  3 vampires
  73 yaks
  A human (shapeshifter) (D:13)
  A water elemental (Shoals:4)
  2 neqoxecs (Gauntlet)
  19 wyverns
  3 hogs (Snake:1)
  A steam dragon (D:7)
  6 basilisks
  A warg (shapeshifter) (D:14)
  46 nagas
  5 vampire mosquitoes (D:15)
  4 acid dragons
  24 water moccasins
  2 ice beasts (D:5)
  3 sky beasts
  24 orc warriors
  4 black bears
  8 wolves
  11 ogres
  5 boggarts (Vaults:2)
  12 centaurs
  A necrophage (D:6)
  3 small abominations (Abyss:2)
  A phantom (D:7)
  A lemure (D:4)
  3 kobold brigands
  Blork the orc (D:4)
  An earth elemental (Abyss:2)
  A wyvern zombie (D:7)
  9 bullfrogs
  A glowing shapeshifter simulacrum (Vaults:3)
  2 gnoll sergeants
  A water moccasin zombie (D:6)
  A scorpion (D:6)
  2 water moccasin skeletons
  2 vampire bats (Lair:5)
  7 howler monkeys
  An electric eel (Lair:6)
  A jelly (D:6)
  7 hounds
  A bullfrog skeleton (D:6)
  17 orc priests
  3 gnoll shamans (D:7)
  6 hell rats (Lair:2)
  2 iguanas
  Ijyb (D:4)
  Natasha (twice) (D:2)
  19 orc wizards
  3 killer bee zombies
  A hound skeleton (D:5)
  Robin (D:2)
  19 gnolls
  A howler monkey zombie (D:9)
  12 river rats (Lair:2)
  11 adders
  A white imp (D:7)
  A worm (D:14)
  An adder zombie (D:5)
  4 dart slugs
  57 orcs
  4 ball pythons
  7 endoplasms
  4 giant cockroaches
  15 goblins
  19 hobgoblins
  5 jackals
  16 quokkas
  8 bats
  11 frilled lizards
  16 kobolds
  18 rats
  A fungus (Lair:3)
  4 plants
  A tentacle (Shoals:1)
1383 creatures vanquished.

Vanquished Creatures (collateral kills)
  A lich (D:14)
  Mlioglotl (Shoals:2)
  Ilsuiw (Shoals:4)
  A vault warden (Vaults:2)
  An orc warlord (Vaults:2)
  A balrug (Abyss:2)
  Louise (D:14)
  A war gargoyle (Vaults:2)
  An ironbound preserver (Vaults:2)
  The ghost of Mostra the Thaumaturge, a journeyman DjFE of Gozag (D:14)
  A merfolk impaler (Shoals:1)
  4 merfolk javelineers (Shoals:4)
  2 vault guards (Vaults:3)
  A rakshasa (D:15)
  5 naga warriors
  A salamander tyrant (Snake:4)
  3 hydras
  A merfolk aquamancer (Shoals:4)
  A merfolk avatar (Shoals:2)
  An alligator snapping turtle (Shoals:4)
  A satyr (Shoals:4)
  2 tengu warriors
  3 naga sharpshooters (Snake:4)
  2 sun demons (Abyss:2)
  2 skeletal warriors
  2 sea snakes (Shoals:4)
  2 salamander mystics (Snake:4)
  2 naga ritualists (Snake:4)
  A harpy (Shoals:1)
  2 fauns (Shoals:1)
  An ugly thing (Vaults:3)
  2 orc sorcerers (Orc:2)
  4 manticores
  A salamander (Snake:1)
  A cyclops (Shoals:1)
  A vault sentinel (Vaults:3)
  3 naga magi
  4 merfolk sirens
  An elephant (Lair:1)
  A water nymph (Shoals:4)
  3 black mambas (Snake:1)
  A freezing wraith (D:13)
  2 tengu conjurers (D:13)
  A jumping spider (Vaults:2)
  5 merfolk
  A troll (Orc:2)
  A wind drake (Shoals:1)
  3 blink frogs
  3 dream sheep
  A snapping turtle (Shoals:4)
  A centaur simulacrum (D:14)
  2 yaks (Lair:6)
  A water elemental (Shoals:1)
  A vampire mosquito (D:15)
  2 nagas (Snake:1)
  A water moccasin (Lair:6)
  An orc warrior (Orc:2)
  A kobold brigand (D:12)
  An orc priest (Orc:2)
  2 orcs (Orc:2)
  A kobold (D:12)
  A butterfly (Lair:3)
  2 tentacles (Shoals:1)
106 creatures vanquished.

Vanquished Creatures (others)
  25 fungi
  156 plants
  2 starspawn tentacles (Abyss:2)
  A tentacle (Shoals:1)
184 creatures vanquished.

Grand Total: 1673 creatures vanquished

Table legend: (Time is in decaauts)
 A = Elapsed time spent in this place.
 B = Non-inter-level travel time spent in this place.
 C = Inter-level travel time spent in this place.
 D = Time resting spent in this place.
 E = Time spent auto-exploring this place.
 F = Levels seen in this place.
 G = Mean time per level.
                   A        B        C        D        E       F      G
               +--------+--------+--------+--------+--------+-----+--------+
         Total |  41641 |  38339 |   3302 |   6368 |  24276 |  39 | 1067.7 |
       Dungeon |  16656 |  14839 |   1817 |   1095 |  11414 |  15 | 1110.4 |
        Temple |     26 |     13 |     13 |      0 |      6 |   1 |   26.0 |
          Lair |   7146 |   6467 |    679 |    752 |   4736 |   6 | 1191.0 |
        Shoals |   3363 |   3209 |    154 |    419 |   1392 |   4 |  840.8 |
     Snake Pit |   5089 |   4865 |    224 |   1363 |   2421 |   4 | 1272.2 |
  Orcish Mines |   1675 |   1515 |    160 |    606 |    615 |   2 |  837.5 |
        Vaults |   6822 |   6569 |    253 |   2104 |   3362 |   4 | 1705.5 |
        Depths |    102 |    102 |      0 |      5 |     46 |   1 |  102.0 |
         Abyss |    274 |    274 |      0 |     22 |      0 |   1 |  274.0 |
      Gauntlet |    485 |    485 |      0 |      0 |    283 |   1 |  485.0 |
               +--------+--------+--------+--------+--------+-----+--------+

Top non-repeatable levels by time:
Vaults:2: 2085 daAuts
 Snake:4: 1986 daAuts
Vaults:1: 1884 daAuts
     D:2: 1788 daAuts
Vaults:4: 1559 daAuts
  Lair:3: 1479 daAuts
    D:14: 1456 daAuts
    D:13: 1408 daAuts
Vaults:3: 1292 daAuts
  Lair:5: 1282 daAuts
     D:3: 1282 daAuts
     D:5: 1187 daAuts
     D:7: 1160 daAuts
     D:8: 1158 daAuts
  Lair:4: 1151 daAuts

Table legend:
 A = Non-vault XP
 B = Vault XP
 C = Vault XP percentage of total XP
 D = Non-vault monster count
 E = Vault monster count
 F = Vault count percentage of total count
                 A         B        C        D         E       F
            +---------+---------+-------+---------+---------+-------
      Total |  389134 |  208469 |  34.9 |    1031 |     448 |  30.3
            +---------+---------+-------+---------+---------+-------
        D:1 |      41 |       7 |  14.6 |      25 |       4 |  13.8
        D:2 |     114 |      73 |  39.0 |      23 |      14 |  37.8
        D:3 |     113 |     286 |  71.7 |      15 |       1 |   6.2
        D:4 |     308 |     812 |  72.5 |      22 |      10 |  31.2
        D:5 |     842 |       0 |   0.0 |      15 |       0 |   0.0
        D:6 |    1657 |       0 |   0.0 |      18 |       0 |   0.0
        D:7 |    1504 |    1727 |  53.5 |      12 |      34 |  73.9
        D:8 |    2054 |     926 |  31.1 |      27 |       4 |  12.9
        D:9 |    1147 |    1530 |  57.2 |      16 |       2 |  11.1
       D:10 |    3859 |       0 |   0.0 |      21 |       0 |   0.0
       D:11 |    5468 |       0 |   0.0 |      17 |       0 |   0.0
       D:12 |    4536 |       0 |   0.0 |      17 |       0 |   0.0
       D:13 |   13721 |    8998 |  39.6 |      22 |      12 |  35.3
       D:14 |   10763 |   10973 |  50.5 |      22 |      11 |  33.3
       D:15 |   10685 |    1831 |  14.6 |      22 |       2 |   8.3
     Lair:1 |    5973 |       0 |   0.0 |      16 |       0 |   0.0
     Lair:2 |    6903 |     385 |   5.3 |      29 |      37 |  56.1
     Lair:3 |    8158 |     652 |   7.4 |      28 |       4 |  12.5
     Lair:4 |    9076 |     914 |   9.1 |      28 |       2 |   6.7
     Lair:5 |   10204 |    3106 |  23.3 |      30 |      21 |  41.2
     Lair:6 |   10095 |   10482 |  50.9 |      41 |      35 |  46.1
   Shoals:1 |   21538 |       0 |   0.0 |      39 |       0 |   0.0
   Shoals:2 |   18400 |    1675 |   8.3 |      35 |       1 |   2.8
   Shoals:3 |    8732 |    7480 |  46.1 |      19 |       9 |  32.1
   Shoals:4 |   11770 |   24343 |  67.4 |      25 |      37 |  59.7
    Snake:1 |   18844 |    1932 |   9.3 |      38 |       4 |   9.5
    Snake:2 |   21143 |     891 |   4.0 |      42 |       2 |   4.5
    Snake:3 |   22019 |       0 |   0.0 |      45 |       0 |   0.0
    Snake:4 |   22840 |   26246 |  53.5 |      48 |      37 |  43.5
      Orc:1 |    2547 |     763 |  23.1 |      33 |       5 |  13.2
      Orc:2 |    4032 |   10051 |  71.4 |      33 |      34 |  50.7
   Vaults:1 |   20495 |   38965 |  65.5 |      31 |      54 |  63.5
   Vaults:2 |   42939 |    5438 |  11.2 |      72 |       8 |  10.0
   Vaults:3 |   18670 |   21386 |  53.4 |      27 |      31 |  53.4
   Vaults:4 |   21889 |   23008 |  51.2 |      36 |      27 |  42.9
   Depths:1 |   10155 |       0 |   0.0 |      14 |       0 |   0.0
    Abyss:2 |   15900 |       0 |   0.0 |      28 |       0 |   0.0
   Gauntlet |       0 |    3589 | 100.0 |       0 |       6 | 100.0
            +---------+---------+-------+---------+---------+-------
